General information
- name: BNet
- type: Ladder team game (AT/RT)
- host: Battle.net
- saver: lllove
map: DragonFalls
- players: 8
- length: 05:10
- speed: Fast
- version: 1.26 W3XP
- replay type: Public
» download(34 KB)
Players
team 1 (winner)
eatsome (
blue | 126 APM | 651 actions | 05:10)
2 Death Knight
1 Death Coil
1 Unholy Aura
» actions
| Assign group hotkey | 24 | |
| Basic commands | 16 | |
| Build / train | 26 | |
| ESC pressed | 1 | |
| Enter build submenu | 11 | |
| Enter hero's abilities submenu | 2 | |
| Right click | 196 | |
| Select / deselect | 110 | |
| Select group hotkey | 234 | |
| Use ability | 31 | |
651 total
» units
» buildings
| Crypt | 2 | |
| Ziggurat | 3 | |
| Altar of Darkness | 1 | |
| Tomb of Relics | 2 | |
| Halls of the Dead | 4 | |
| Graveyard | 1 | |
13 total
» build order
00:07 Crypt
00:14 Ziggurat
00:35 Crypt
01:02 Altar of Darkness
01:36 Ziggurat
01:54 Tomb of Relics
01:57 Tomb of Relics
03:17 Halls of the Dead
03:17 Halls of the Dead
03:17 Halls of the Dead
03:51 Graveyard
04:22 Ziggurat
» items
Str8UpCleva (
orange | 64 APM | 169 actions | 02:39)
» actions
| Assign group hotkey | 19 | |
| Build / train | 16 | |
| Enter build submenu | 8 | |
| Right click | 80 | |
| Select / deselect | 38 | |
| Use ability | 8 | |
169 total
» units
» buildings
| Altar of Kings | 1 | |
| Farm | 2 | |
| Lumber Mill | 2 | |
| Scout Tower | 2 | |
| Blacksmith | 1 | |
| Arcane Tower | 5 | |
13 total
» build order
00:33 Altar of Kings
00:39 Farm
01:18 Lumber Mill
01:18 Lumber Mill
01:38 Scout Tower
01:48 Farm
01:57 Scout Tower
02:06 Blacksmith
02:25 Arcane Tower

»
samwisecraft (
pink | 89 APM | 463 actions | 05:10)
1 Archmage
1 Summon Water Elemental
» actions
| Assign group hotkey | 22 | |
| Build / train | 22 | |
| Enter build submenu | 10 | |
| Enter hero's abilities submenu | 2 | |
| Right click | 209 | |
| Select / deselect | 88 | |
| Select group hotkey | 89 | |
| Use ability | 21 | |
463 total
» units
» buildings
| Altar of Kings | 1 | |
| Farm | 6 | |
| Barracks | 1 | |
| Scout Tower | 4 | |
| Guard Tower | 1 | |
| Arcane Tower | 1 | |
| Keep | 2 | |
| Lumber Mill | 1 | |
17 total
» build order
00:11 Altar of Kings
00:16 Farm
00:30 Barracks
00:41 Farm
01:35 Farm
01:49 Scout Tower
02:49 Guard Tower
02:55 Arcane Tower
03:02 Farm
03:02 Farm
03:45 Keep
03:59 Keep
04:04 Lumber Mill
04:33 Scout Tower
04:34 Scout Tower
04:39 Scout Tower
04:46 Farm
rrrrrrrrrrrrrrr (
red | 24 APM | 123 actions | 05:10)
2 Death Knight
1 Death Pact
1 Death Coil
1 Mountain King
1 Storm Bolt
» actions
| Basic commands | 20 | |
| Build / train | 28 | |
| Enter build submenu | 8 | |
| Enter hero's abilities submenu | 3 | |
| Select / deselect | 43 | |
| Use ability | 21 | |
123 total
» units
» buildings
| Altar of Darkness | 1 | |
| Ziggurat | 3 | |
| Crypt | 1 | |
| Graveyard | 1 | |
| Tomb of Relics | 1 | |
7 total
» build order
00:26 Altar of Darkness
00:29 Ziggurat
00:57 Crypt
01:04 Graveyard
01:14 Ziggurat
01:37 Tomb of Relics
02:27 Ziggurat
» items
| Rod of Necromancy | 1 | |
| Sacrificial Skull | 1 | |
2 total
team 2 (loser)
ganja (
green | 0 APM | 0 actions | 05:10)
TriTon_KinG (
yellow | 42 APM | 215 actions | 05:10)
1 Far Seer
1 Feral Spirit
» actions
| Basic commands | 4 | |
| Build / train | 16 | |
| ESC pressed | 4 | |
| Enter build submenu | 10 | |
| Enter hero's abilities submenu | 1 | |
| Right click | 103 | |
| Select / deselect | 67 | |
| Use ability | 10 | |
215 total
» units
» buildings
| Altar of Storms | 1 | |
| Orc Burrow | 3 | |
| Barracks | 1 | |
| Stronghold | 1 | |
| Voodoo Lounge | 1 | |
| War Mill | 1 | |
8 total
» build order
00:20 Altar of Storms
00:30 Orc Burrow
00:39 Barracks
01:40 Orc Burrow
02:49 Stronghold
04:40 Orc Burrow
04:43 Voodoo Lounge
05:06 War Mill
ELVENGADORANAL (
purple | 71 APM | 366 actions | 05:10)
2 Archmage
1 Summon Water Elemental
1 Brilliance Aura
» actions
| Assign group hotkey | 9 | |
| Build / train | 22 | |
| Enter build submenu | 14 | |
| Enter hero's abilities submenu | 2 | |
| Right click | 162 | |
| Select / deselect | 79 | |
| Select group hotkey | 59 | |
| Use ability | 19 | |
366 total
» units
» buildings
| Altar of Kings | 2 | |
| Barracks | 1 | |
| Farm | 4 | |
| Lumber Mill | 1 | |
| Scout Tower | 3 | |
| Guard Tower | 1 | |
| Town Hall | 1 | |
| Arcane Vault | 1 | |
| Arcane Tower | 1 | |
15 total
» build order
00:17 Altar of Kings
00:21 Altar of Kings
00:24 Barracks
00:30 Farm
01:05 Farm
01:22 Lumber Mill
01:48 Scout Tower
02:10 Farm
02:47 Guard Tower
03:42 Town Hall
03:58 Scout Tower
04:05 Farm
04:23 Arcane Vault
05:04 Arcane Tower
05:07 Scout Tower
lllove (
teal | 46 APM | 239 actions | 05:10)
2 Archmage
1 Summon Water Elemental
1 Brilliance Aura
» actions
| Assign group hotkey | 17 | |
| Basic commands | 6 | |
| Build / train | 22 | |
| Enter build submenu | 10 | |
| Enter hero's abilities submenu | 2 | |
| Right click | 72 | |
| Select / deselect | 84 | |
| Select group hotkey | 14 | |
| Use ability | 12 | |
239 total
» units
» buildings
| Altar of Kings | 1 | |
| Barracks | 1 | |
| Farm | 4 | |
| Keep | 1 | |
| Lumber Mill | 1 | |
| Arcane Vault | 1 | |
9 total
» build order
00:50 Altar of Kings
00:52 Barracks
00:54 Farm
00:55 Farm
01:06 Farm
01:35 Farm
03:21 Keep
03:31 Lumber Mill
03:44 Arcane Vault
Chat log
(00:36 / Allies) ELVENGADORANAL: hi
(00:45 / Allies) lllove: what it do
(01:07 / All) Str8UpCleva: LAGGY AS FUCK
(01:13 / Allies) ELVENGADORANAL: dont ping
(01:17 / Allies) ELVENGADORANAL: he not hear you.
(01:17 / Allies) TriTon_KinG: what do you know
(01:18 / Allies) ELVENGADORANAL: mass foot
(01:20 / Allies) TriTon_KinG: maybe your there??
(01:28 / Allies) ELVENGADORANAL: please fucken troll
(01:30 / Allies) ELVENGADORANAL: play and stf
(01:56 / Allies) TriTon_KinG: poor green
(01:57 / Allies) ELVENGADORANAL: mass
(02:00 / Allies) TriTon_KinG: doesnt know how toplay
(02:20 / Allies) TriTon_KinG: should I mass Peopnm?
(02:30 / Allies) ELVENGADORANAL: u should stop being funny
(02:39 / Allies) ELVENGADORANAL: will be fair
(02:39 / All) lllove: dddddddddddddddddddddddddddddddddddddddd
(03:10 / Allies) lllove: I meant to get blood mage
(04:54 / All) lllove: great and a mher lol